 Dungeon Crawl Stone Soup version 0.30-a0-234-g97d66968fd (webtiles) character file.

Game seed: 713593076521969216

38 qw the Chopper (level 3, -3/23 HPs)
             Began as a Gargoyle Fighter on Oct 9, 2022.
             Slain by a gnoll
             ... wielding a +0 halberd
              (10 damage)
             ... on level 3 of the Dungeon.
             The game lasted 00:00:32 (1683 turns).

qw the Chopper (Gargoyle Fighter)                   Turns: 1683, Time: 00:00:33

Health: -3/23      AC: 10    Str: 21    XL:     3   Next: 43%
Magic:  3/3        EV:  9    Int:  8    God:
Gold:   104        SH:  4    Dex:  9    Spells: 2/2 levels left

rFire   + . .      SeeInvis .    Y - +0 war axe (freeze)
rCold   . . .      Faith    .    c - +0 buckler
rNeg    + . .      Spirit   .    b - +0 scale mail
rPois   inf        Reflect  .    (no helmet)
rElec   +          Harm     .    (no cloak)
rCorr   .          Rampage  .    (no gloves)
Will    .....                    (no boots)
Stlth   ..........               (no amulet)
HPRegen 0.23/turn                i - ring of protection from fire
MPRegen 0.08/turn                (no ring)

@: no status effects
A: sickness immunity, AC +3, negative energy resistance 1, electricity
resistance, torment resistance 1, petrification resistance
a: no special abilities


You were on level 3 of the Dungeon.
You visited 1 branch of the dungeon, and saw 3 of its levels.

You collected 104 gold pieces.


Innate Abilities, Weirdness & Mutations

You are immune to sickness and miasma.
Your stone body is resilient. (AC +3)
You are immune to poison.
You resist negative energy. (rN+)
You are resistant to electric shocks. (rElec)
You are resistant to unholy torment.
You are immune to petrification.


   Skills:
 - Level 3.2 Fighting
 + Level 3.4 Axes
 - Level 3.2 Armour
 - Level 3.2 Shields


You had 2 spell levels left.
You didn't know any spells.
Your spell library was empty.

Inventory:

Hand Weapons
 j - a +0 mace
 Y - a +0 war axe of freezing (weapon)
Missiles
 k - 3 boomerangs (quivered)
Armour
 b - a +0 scale mail (worn)
 c - a +0 buckler (worn)
 h - a +0 pair of boots
Jewellery
 i - a ring of protection from fire (left hand)
Scrolls
 g - 2 scrolls of identify
Potions
 a - a potion of curing {unknown}
 d - a potion of might
 e - a potion of attraction
 f - a potion of flight {unknown}

Dungeon Overview and Level Annotations

Branches:
Dungeon (3/15)

Altars:


Message History

You slash the frilled lizard! You freeze the frilled lizard.
You kill the frilled lizard!
Found 6 stones.
You now have 96 gold pieces (gained 14).
Enter note: You see here 6 stones.
You now have 104 gold pieces (gained 8).
A rat comes into view.
The rat moves out of view.
Enter note: You closely miss the rat.
The rat bites you but does no damage. The rat closely misses you.
You slash the rat! You freeze the rat.
You kill the rat!
You see here a rat corpse.
g - 2 scrolls of identify (gained 1)
h - a +0 pair of boots
Enter note:
Found a stone staircase leading down.
Found a stone staircase leading up.
Enter note:
k - 3 boomerangs
Found a book of Displacement.
Enter note: A gnoll comes into view. It is wielding a +0 halberd.
The gnoll shouts!
A gnoll comes into view. It is wielding a +0 club.
The gnoll shouts!
You hear a shout!
A gnoll comes into view. It is wielding a +0 spear.
A gnoll comes into view. It is wielding a +0 club.
The gnoll moves out of view.
You closely miss the gnoll. You block the gnoll's attack.
You slash the gnoll! You freeze the gnoll.
The gnoll is severely wounded.
You closely miss the gnoll. The gnoll hits you with a +0 club.
The gnoll hits you but does no damage. The gnoll hits you with a +0 halberd!
The gnoll closely misses you. The gnoll hits you with a +0 club.
The gnoll hits you with a +0 halberd!
You die...

########.#
###.########
#.....:.....
#.#.########
##.#.#
.####....#
.........#
.####...#####
......g@....#
######g####.#
#g #g #. #.
.. ##


You could see 4 gnolls.

Vanquished Creatures
  A dart slug (D:1)
  3 endoplasms (D:1)
  3 giant cockroaches (D:1)
  6 goblins
  2 hobgoblins
  3 jackals (D:1)
  A quokka (D:1)
  4 ball pythons
  A bat (D:2)
  3 frilled lizards
  3 kobolds
  3 rats
33 creatures vanquished.

Vanquished Creatures (others)
  2 plants (D:3)
2 creatures vanquished.

Grand Total: 35 creatures vanquished

Notes
Turn   | Place    | Note
-------+----------+-------------------------------------------
     0 | D:1      | qw the Gargoyle Fighter began the quest for the Orb.
     0 | D:1      | Reached XP level 1. HP: 14/14 MP: 1/1
     0 | D:1      | 0 ||| qw: Version: 0.2-a-17-g06abaee
     0 | D:1      | 0 ||| qw: Game counter: 2323
     0 | D:1      | 0 ||| qw: Always use a shield: true
     0 | D:1      | 0 ||| qw: God list: Okawaru
     0 | D:1      | 0 ||| qw: Allow faded altars: false
     0 | D:1      | 0 ||| qw: Do Orc after D:15 true
     0 | D:1      | 0 ||| qw: Do second Lair branch before Depths: true
     0 | D:1      | 0 ||| qw: Lair rune preference: random
     0 | D:1      | 0 ||| qw: Plans: Normal, Zot:1-4, God:TSO, Crypt, Tomb,
                  | Pan, Slime:5, Hells, Abyss, Orb
     0 | D:1      | 0 ||| PLANNING D:1-11
    71 | D:1      | You fall into a shaft and drop 1 floor!
   171 | D:1      | 171 ||| Stepping ~*~*~tactically~*~*~ (stealth).
   199 | D:1      | Reached XP level 2. HP: 19/19 MP: 2/2
   228 | D:1      | 228 ||| Stepping ~*~*~tactically~*~*~ (hiding).
   229 | D:1      | 229 ||| Stepping ~*~*~tactically~*~*~ (hiding).
   425 | D:1      | Reached skill level 3 in Axes
   425 | D:1      | 425 ||| DROPPING +0 club.
   458 | D:1      | Reached XP level 3. HP: 23/23 MP: 3/3
   855 | D:1      | 855 ||| DROPPING scarf of invisibility.
   856 | D:1      | 856 ||| UPGRADING to ring of protection from fire.
   857 | D:1      | 857 ||| READING scroll labelled BOVEOM WYMOTY.
   858 | D:1      | 858 ||| READING scroll labelled VIELAN JUTAO.
  1012 | D:2      | 1012 ||| Stepping ~*~*~tactically~*~*~ (stealth).
  1017 | D:2      | 1017 ||| Stepping ~*~*~tactically~*~*~ (stealth).
  1525 | D:2      | 1525 ||| DROPPING amulet of faith.
  1526 | D:2      | 1526 ||| READING scroll labelled UXATRA AS RIZ.
  1527 | D:2      | 1527 ||| READING scroll labelled WOEMYO VIHE.
  1532 | D:2      | 1532 ||| DRINKING 2 smoky green potions.
  1533 | D:2      | 1533 ||| READING 2 scrolls of identify.
  1533 | D:2      | 1533 ||| IDENTIFYING brown potion
  1534 | D:2      | 1534 ||| DROPPING potion of invisibility.
  1547 | D:3      | 1547 ||| Stepping ~*~*~tactically~*~*~ (stealth).
  1683 | D:3      | Slain by a gnoll

Levels and vault maps discovered:
D:1:      amcnicky_arrival_choice, layout_loops_ring, grunt_decor_clamped,
          minmay_tromino_v4_a
D:2:      layout_basic, serial_forest, infiniplex_forest_lined_room_3,
          infiniplex_forest_zigzag_1, infiniplex_forest_straight_3,
          infiniplex_forest_lined_2, infiniplex_forest_clump_long,
          corexii_leaking_fountain, hangedman_abyss_or_decor_lesser_grid
D:3:      layout_loops_ring, general_overflow_altar,
          hellmonk_ecumenical_altar_inner_sanctum, guppyfry_early_lair_pool

Skill      XL: |  1  2 |
---------------+-------+-----
Axes           | 2 3 |  3.4
Fighting       | |  3.2
Armour         | |  3.2
Shields        | |  3.2

Action                   || total
-------------------------++-------
Melee: War axe           ||    99
  Use: Scroll            ||     5
       Potion            ||     1
 Stab: Distracted        ||     1
Armor: Scale mail        ||    46
Dodge: Dodged            ||    45
Block: Buckler           ||    27

Table legend:
 A = Non-vault XP
 B = Vault XP
 C = Vault XP percentage of total XP
 D = Non-vault monster count
 E = Vault monster count
 F = Vault count percentage of total count
                 A         B        C        D         E       F
            +---------+---------+-------+---------+---------+-------
      Total |      48 |       7 |  12.7 |      29 |       4 |  12.1
            +---------+---------+-------+---------+---------+-------
        D:1 |      34 |       7 |  17.1 |      19 |       4 |  17.4
        D:2 |       6 |       0 |   0.0 |       4 |       0 |   0.0
        D:3 |       8 |       0 |   0.0 |       6 |       0 |   0.0
            +---------+---------+-------+---------+---------+-------
